 Dungeon Crawl Stone Soup version 0.30-a0-702-gdf48620a09 (webtiles) character file.

Game seed: 14107252147810669903

47178 hikkokomori the Destroyer (level 14, -4/90 HPs)
             Began as a Gargoyle Earth Elementalist on Jan 22, 2023.
             Was a High Priest of Vehumet.
             Slain by an anaconda simulacrum (17 damage)
             ... in an ice cave.
             The game lasted 00:48:16 (21651 turns).

hikkokomori the Destroyer (GrEE)                   Turns: 21651, Time: 00:48:17

Health: -4/90      AC: 24    Str: 23    XL:     14   Next: 40%
Magic:  15/27      EV: 14    Int: 22    God:    Vehumet [*****.]
Gold:   1220       SH:  5    Dex: 16    Spells: 5/31 levels left

rFire   . . .      SeeInvis .    C - +7 flail (protect)
rCold   . . .      Faith    .    (no shield)
rNeg    + . .      Spirit   .    Z - +5 robe of the End {Str+3}
rPois   ∞          Reflect  +    p - +0 helmet
rElec   +          Harm     .    y - +1 cloak {rPois}
rCorr   .          Rampage  .    I - +1 pair of gloves {Str+3}
Will    +....                    X - +1 pair of boots {Stlth+}
Stlth   +++++                    M - amulet of reflection
HPRegen 0.35/turn                e - +6 ring of dexterity
MPRegen 0.20/turn                m - +6 ring of strength

@: flying
A: sickness immunity, AC +10, big wings, negative energy resistance 1,
electricity resistance, torment resistance 1, petrification resistance
a: Renounce Religion


You were in an ice cave.
You worshipped Vehumet.
Vehumet was extremely pleased with you.
You visited 4 branches of the dungeon, and saw 19 of its levels.
You also visited: Ice Cave and Volcano.

You collected 1220 gold pieces.

Inventory:

Hand Weapons
 r - a +0 quick blade of flaming
 w - a +0 shortbow of flaming
 C - a +7 flail of protection (weapon)
 H - a +2 demon whip of flaming
 N - a +0 morningstar of electrocution
 Q - the +7 sling "Xuaterhot" {elec, rPois Str+2 Stlth+}
   (You found it on level 3 of the Lair of Beasts)

   Str:       It affects your strength (+2).
   rPois:     It protects you from poison.
   Stlth:     It makes you more stealthy.
Armour
 p - a +0 helmet (worn)
 y - a +1 cloak of poison resistance (worn)
 I - a +1 pair of gloves of strength (worn)
 L - +0 steam dragon scales
 X - a +1 pair of boots of stealth (worn)
 Z - the +5 robe of the End (worn) {Str+3}
   (You found it on level 5 of the Lair of Beasts)

   Str:       It affects your strength (+3).
Jewellery
 e - a +6 ring of dexterity (left hand)
 h - a +6 ring of strength
 m - a +6 ring of strength (right hand)
 J - a +4 ring of slaying
 M - an amulet of reflection (around neck)
 Y - a +6 ring of dexterity
Wands
 E - a wand of polymorph (15)
 R - a wand of flame (8)
 T - a wand of iceblast (4)
 U - a wand of digging (1)
Scrolls
 a - a scroll of blinking
 c - 2 scrolls of fear
 d - 6 scrolls of fog
 l - 2 scrolls of amnesia
 o - 3 scrolls of enchant weapon
 u - a scroll of poison
 v - 5 scrolls of teleportation
 B - 4 scrolls of immolation
 D - 2 scrolls of magic mapping
 F - 3 scrolls of enchant armour
Potions
 b - 4 potions of magic
 f - a potion of resistance
 g - 10 potions of curing
 i - 2 potions of might
 j - 2 potions of attraction
 k - 3 potions of flight
 n - 2 potions of heal wounds
 q - 6 potions of degeneration
 t - 6 potions of brilliance
 x - 2 potions of cancellation
 z - a potion of berserk rage
 A - 2 potions of ambrosia
 G - 3 potions of haste
 K - 2 potions of invisibility
 O - 2 potions of mutation
 S - a potion of lignification
Miscellaneous
 W - a condenser vane (inert)


   Skills:
 - Level 11.5 Fighting
 - Level 9.0 Maces & Flails
 - Level 4.2 Dodging
 - Level 7.0 Stealth
 + Level 9.4 Spellcasting
 + Level 12.5 Conjurations
 + Level 6.6 Summonings
 - Level 0.7 Transmutations
 + Level 0.2 Fire Magic
 - Level 12.1 Earth Magic
 - Level 2.0 Evocations


You had 5 spell levels left.
You knew the following spells:

 Your Spells              Type           Power      Damage    Failure   Level
a - Sandblast             Erth           100%       2d20      1%          1
b - Stone Arrow           Conj/Erth      100%       3d13      1%          3
c - Animate Armour        Summ/Erth      100%       N/A       1%          4
d - Ignite Poison         Fire/Tmut/Pois 11%        N/A       4%          3
e - Irradiate             Conj/Tmut      19%        3d18      3%          5
f - Orb of Destruction    Conj           30%        9d10      9%          7
g - Mephitic Cloud        Conj/Pois/Air  28%        N/A       1%          3

Your spell library contained the following spells:

 Spells                   Type           Power      Damage    Failure   Level
 Starburst                Conj/Fire      19%        6d7       19%         6
 Passwall                 Tmut/Erth      31%        N/A       1%          2
 Poisonous Vapours        Pois/Air       20%        N/A       2%          2
 Summon Guardian Golem    Hex/Summ       25%        N/A       4%          3
 Petrify                  Tmut/Erth      38%        N/A       4%          4
 Lesser Beckoning         Tloc           20%        N/A       10%         2
 Gell's Gravitas          Tloc           10%        N/A       19%         3
 Teleport Other           Tloc           10%        N/A       19%         3
 Summon Forest            Summ/Tloc      12%        N/A       41%         5
 Blade Hands              Tmut           6%         N/A       80%         5
 Metabolic Englaciation   Hex/Ice        5%         N/A       87%         5
 Spellforged Servitor     Conj/Summ      25%        N/A       26%         7
 Lehudib's Crystal Spear  Conj/Erth      29%        10d8      54%         8
 Eringya's Noxious Bog    Tmut/Pois      5%         N/A       88%         6
 Summon Hydra             Summ           19%        N/A       98%         7
 Dragon Form              Tmut           6%         N/A       100%        7
 Borgnjor's Revivificati  Necr           5%         N/A       100%        8
 Necromutation            Tmut/Necr      5%         N/A       100%        8
 Death's Door             Necr           5%         N/A       100%        9
 Cigotuvi's Dreadful Rot  Necr/Pois/Air  Unusable   N/A       N/A         2
 Statue Form              Tmut/Erth      Unusable   N/A       N/A         6

Dungeon Overview and Level Annotations

Branches:
Dungeon (11/15)            Temple (1/1) D:7            Lair (5/5) D:8
 Shoals (0/4) Lair:3       Spider (0/4) Lair:3        Slime (0/5) Lair:5
    Orc (2/2) D:9             Elf (0/3) Orc:2         IceCv (1/1)
Volcano (visited)

Altars:
Ashenzari
Cheibriados
Dithmenos
Elyvilon
Fedhas
Gozag
Hepliaklqana
Kikubaaqudgha
Makhleb
Nemelex Xobeh
Okawaru
Qazlal
Ru
Sif Muna
Trog
Uskayaw
Vehumet
Wu Jian
Xom
Yredelemnul
Zin
The Shining One
Jiyva

Shops:
D:4 *[   D:7 !

Annotations:
D:9 4 transporters
D:11 2 transporters, demibob's ghost, journeyman GnBe
Lair:3 Feudof's ghost, journeyman GnWr


Innate Abilities, Weirdness & Mutations

You are immune to sickness and miasma.
Your stone body is resilient. (AC +10)
You are immune to poison.
Your large and strong wings let you fly.
You resist negative energy. (rN+)
You are resistant to electric shocks. (rElec)
You are resistant to unholy torment.
You are immune to petrification.


Message History

Confirm with . or Enter, or press ? or * to list all spells.
Okay, then.
Okay, then.
A reaper is nearby!
Blink to where?
Press: ? - help, Dir - move target
Found a triple crossbow of freezing.
As you read the scroll of blinking, it crumbles to dust.
As you read the scroll of teleportation, it crumbles to dust.
You feel strangely unstable. The anaconda simulacrum grabs you.
The anaconda simulacrum misses you. The anaconda simulacrum constricts you.
You escape the anaconda simulacrum's grasp.
Your surroundings suddenly seem different.
The anaconda simulacrum grabs you. The anaconda simulacrum bites you.
The anaconda simulacrum freezes you!!
* * * LOW HITPOINT WARNING * * *
The anaconda simulacrum constricts you.
The anaconda simulacrum bites you but does no damage.
The anaconda simulacrum constricts you.
Blink to where?
Press: ? - help, Dir - move target You escape the anaconda simulacrum's grasp.
As you read the scroll of blinking, it crumbles to dust.
You feel much better.
You are engulfed in freezing vapours.
You are engulfed in freezing vapours.
* * * LOW HITPOINT WARNING * * *
The anaconda simulacrum grabs you.
The anaconda simulacrum completely misses you.
The anaconda simulacrum constricts you.
The anaconda simulacrum's grasp on you weakens, but your attempt to escape fails.
The anaconda simulacrum bites you but does no damage.
The anaconda simulacrum constricts you.
Unknown command.
You escape the anaconda simulacrum's grasp.
You block the anaconda simulacrum's attack.
The anaconda simulacrum bites you.
* * * LOW HITPOINT WARNING * * *
The anaconda simulacrum freezes you!
You die...

###### ###....###
###........##
##....###....##
###@..###.###...#
##.Z####....##...#
#...##.....##..######
#..###)...........#.#
##...##[..##.........
##...#########.##...
##...### #≈≈≈###.
###.§§######≈≈≈###
##§○2§.....###


You could see an anaconda simulacrum.

Vanquished Creatures
  Gastronok (Lair:2)
  A hydra (Lair:5)
  A boulder beetle (D:11)
  A catoblepas (Lair:5)
  2 two-headed ogres
  Erolcha (D:11)
  A deep troll shaman (Lair:5)
  4 death yaks
  Amaemon (Lair:3)
  A salamander mystic (Volcano)
  An oklob plant (Lair:4)
  3 orc knights (Orc:2)
  An ugly thing (D:11)
  19 elephants
  A salamander (Volcano)
  2 ice statues (IceCv)
  3 molten gargoyles (Volcano)
  2 black mambas
  An orange demon (Lair:3)
  A torpor snail (Lair:1)
  5 cane toads
  4 gargoyles
  A kobold demonologist (D:11)
  A freezing wraith (IceCv)
  8 komodo dragons
  7 ice devils (IceCv)
  3 trolls
  3 polar bears
  3 blink frogs (Lair:1)
  3 dream sheep (Lair:1)
  Sigmund (D:5)
  A jumping spider (D:8)
  2 shadows
  A wraith (D:10)
  2 slime creatures (Lair:5)
  8 wyverns
  18 yaks
  2 basilisks (Lair:5)
  3 steam dragons
  Menkaure (D:5)
  A death yak simulacrum (IceCv)
  2 acid dragons
  Edmund (D:4)
  5 water moccasins
  Duvessa (D:6)
  3 sky beasts
  5 orc warriors
  5 black bears
  3 ogres
  3 wolves (Lair:5)
  An ice beast (D:7)
  9 centaurs
  A kobold brigand (D:11)
  5 bullfrogs
  3 scorpions
  3 two-headed ogre simulacra (IceCv)
  4 necrophages
  A cane toad simulacrum (IceCv)
  13 wights
  Dowan (D:6)
  3 killer bees (D:8)
  2 elephant simulacra (IceCv)
  4 howler monkeys
  3 electric eels
  An iron imp (D:9)
  4 hounds
  3 jellies
  Crazy Yiuf (D:5)
  8 orc priests
  Ijyb (D:3)
  4 iguanas
  10 orc wizards
  3 troll simulacra (IceCv)
  Robin (D:4)
  4 adders
  3 gnolls (D:8)
  3 naga simulacra (IceCv)
  A shadow imp (D:6)
  14 white imps
  3 worms
  3 dart slugs
  28 orcs
  4 ball pythons
  4 endoplasms
  4 giant cockroaches
  13 goblins
  8 hobgoblins
  4 quokkas
  3 bats
  2 frilled lizards (D:2)
  6 kobolds
  4 rats
354 creatures vanquished.

Vanquished Creatures (collateral kills)
  A hydra (Lair:5)
  2 death yaks (Lair:5)
  2 salamanders (Volcano)
  3 elephants (Lair:4)
  3 molten gargoyles (Volcano)
  A cane toad (Lair:4)
  A blink frog (Lair:1)
  A slime creature (Lair:5)
  2 yaks (Lair:4)
  A gnoll bouda (Lair:1)
17 creatures vanquished.

Vanquished Creatures (others)
  19 fungi
  30 plants
49 creatures vanquished.

Grand Total: 420 creatures vanquished

Notes
Turn   | Place    | Note
-------+----------+-------------------------------------------
     0 | D:1      | hikkokomori the Gargoyle Earth Elementalist began the quest
                  | for the Orb.
     0 | D:1      | Reached XP level 1. HP: 10/10 MP: 3/3
   311 | D:1      | Reached XP level 2. HP: 15/15 MP: 1/5
   825 | D:2      | Found a faded altar of an unknown god.
   939 | D:2      | Found a hide-covered altar of Uskayaw.
  1065 | D:2      | Reached XP level 3. HP: 15/19 MP: 1/7
  1954 | D:3      | Reached XP level 4. HP: 21/24 MP: 4/8
  2022 | D:3      | Reached skill level 1 in Maces & Flails
  2022 | D:3      | Reached skill level 5 in Earth Magic
  2026 | D:3      | Learned a level 3 spell: Stone Arrow
  2198 | D:3      | Noticed Ijyb
  2202 | D:3      | Paralysed by Ijyb for 5 turns
  2208 | D:3      | Killed Ijyb
  2209 | D:3      | Reached XP level 5. HP: 25/28 MP: 6/10
  2580 | D:4      | Reached skill level 1 in Conjurations
  2623 | D:4      | Found Picroaha's General Store.
  2631 | D:4      | Noticed Robin
  2645 | D:4      | Killed Robin
  2837 | D:4      | Found Muimuth's Armour Shoppe.
  2861 | D:4      | Noticed Edmund
  2882 | D:5      | Entered Level 5 of the Dungeon
  2889 | D:5      | Reached XP level 6. HP: 15/33 MP: 0/11
  2894 | D:5      | Reached skill level 1 in Fighting
  3089 | D:5      | Noticed Sigmund
  3098 | D:5      | Noticed a sky beast
  3105 | D:5      | Killed a sky beast
  3272 | D:5      | Noticed an orc warrior
  3322 | D:4      | Identified the +0 spear of Miorax {freeze, +Blink}
  3408 | D:4      | Reached XP level 7. HP: 40/40 MP: 9/13
  3623 | D:5      | Noticed Menkaure
  3627 | D:5      | Killed Menkaure
  3860 | D:5      | Reached XP level 8. HP: 46/46 MP: 5/15
  3968 | D:5      | Reached skill level 5 in Spellcasting
  4128 | D:5      | Killed Sigmund
  4400 | D:5      | Found a runed translucent door.
  4401 | D:5      | Noticed Crazy Yiuf
  4480 | D:5      | Killed Crazy Yiuf
  4700 | D:6      | Reached skill level 5 in Conjurations
  4886 | D:6      | Found an iron altar of Okawaru.
  4928 | D:6      | Found a burning altar of Makhleb.
  4933 | D:6      | Found an opulent altar of Gozag.
  4938 | D:6      | Found a glowing silver altar of Zin.
  4955 | D:6      | Noticed Duvessa
  4956 | D:6      | Noticed Dowan
  4965 | D:6      | Killed Duvessa
  4970 | D:6      | Reached skill level 5 in Fighting
  4970 | D:6      | Reached XP level 9. HP: 43/54 MP: 1/17
  4983 | D:6      | Killed Dowan
  5973 | D:4      | Killed Edmund
  6168 | D:6      | Found a shimmering altar of Xom.
  6676 | D:7      | Reached XP level 10. HP: 61/61 MP: 18/20
  6744 | D:7      | Found Rifass's Distillery.
  6835 | D:7      | Found a stormy altar of Qazlal.
  6906 | D:7      | Found a staircase to the Ecumenical Temple.
  6915 | Temple   | Entered the Ecumenical Temple
  7139 | Temple   | Became a worshipper of Vehumet
  7194 | D:8      | Found a staircase to the Lair.
  7869 | D:8      | Found a hide-covered altar of Uskayaw.
  8238 | D:9      | Found a staircase to the Orcish Mines.
  8275 | D:9      | Found a snail-covered altar of Cheibriados.
  8300 | D:9      | Found a transporter.
  8313 | D:9      | Found a transporter.
  8319 | D:9      | Found a transporter.
  8470 | D:9      | Noticed a two-headed ogre
  8474 | D:9      | Killed a two-headed ogre
  8474 | D:9      | Reached * piety under Vehumet
  8474 | D:9      | Offered knowledge of Kiss of Death by Vehumet.
  8475 | D:9      | Reached skill level 10 in Earth Magic
  8520 | D:9      | Found a white marble altar of Elyvilon.
  8735 | D:9      | Found a transporter.
  9207 | D:10     | Entered Level 10 of the Dungeon
  9329 | D:10     | Reached XP level 11. HP: 57/68 MP: 18/22
  9658 | D:10     | Reached skill level 5 in Maces & Flails
  9807 | D:11     | Noticed Erolcha
  9811 | D:11     | Killed Erolcha
  9819 | D:11     | Learned a level 4 spell: Animate Armour
 10049 | D:11     | Noticed a two-headed ogre
 10054 | D:11     | Killed a two-headed ogre
 10055 | D:11     | Reached skill level 1 in Summonings
 10189 | D:11     | Noticed a purple ugly thing
 10195 | D:11     | Killed a purple ugly thing
 10333 | D:11     | Found a transporter.
 10354 | D:11     | Noticed a great orb of eyes
 10355 | D:11     | Noticed a thrashing horror
 10368 | D:11     | Found a transporter.
 10368 | D:11     | Noticed a wizard
 10374 | D:11     | Noticed demibob's ghost (journeyman GnBe)
 10614 | D:11     | Noticed a boulder beetle
 10712 | D:11     | Killed a boulder beetle
 10960 | Lair:1   | Entered Level 1 of the Lair of Beasts
 11016 | Lair:1   | Noticed a death yak
 11016 | Lair:1   | Noticed a death yak
 11025 | Lair:1   | Noticed a death yak
 11030 | Lair:1   | Killed a death yak
 11036 | Lair:1   | Killed a death yak
 11050 | Lair:1   | Killed a death yak
 11162 | Lair:1   | Found a dark tunnel.
 11198 | Volcano  | Entered a volcano
 11259 | Volcano  | Noticed a salamander
 11269 | Volcano  | Killed a salamander
 11270 | Volcano  | Reached XP level 12. HP: 48/76 MP: 14/24
 11881 | Volcano  | Noticed a hell knight
 11931 | Volcano  | a hell knight changed into an acid dragon
 12023 | Volcano  | Offered knowledge of Foxfire by Vehumet.
 12120 | Volcano  | Reached ** piety under Vehumet
 12123 | Volcano  | Reached skill level 10 in Conjurations
 12334 | Volcano  | Noticed an orb of fire
 12477 | Volcano  | Noticed an orb of fire
 12746 | Lair:1   | Reached skill level 10 in Fighting
 13865 | Lair:2   | Reached skill level 5 in Summonings
 14064 | Lair:2   | Noticed Gastronok
 14073 | Lair:2   | Killed Gastronok
 14826 | Lair:3   | Found a hole to the Spider Nest.
 14838 | Lair:3   | Found a runed translucent door.
 14838 | Lair:3   | Noticed Feudof's ghost (journeyman GnWr)
 14951 | Lair:3   | Identified the +7 sling "Xuaterhot" {elec, rPois Str+2
                  | Stlth+}
 14951 | Lair:3   | Noticed Amaemon
 14976 | Lair:3   | Killed Amaemon
 15150 | Lair:3   | Reached XP level 13. HP: 82/82 MP: 16/26
 15336 | Lair:3   | Reached skill level 5 in Stealth
 15458 | Lair:3   | Found a staircase to the Shoals.
 17627 | Lair:4   | Offered knowledge of Ignite Poison by Vehumet.
 17632 | Lair:4   | Learned a level 3 spell: Ignite Poison
 18727 | Lair:5   | Entered Level 5 of the Lair of Beasts
 18756 | Lair:5   | Reached *** piety under Vehumet
 18944 | Lair:5   | Found a viscous altar of Jiyva.
 18944 | Lair:5   | Found a staircase to the Slime Pits.
 19488 | Lair:5   | Offered knowledge of Frozen Ramparts by Vehumet.
 19687 | Lair:5   | Gained mutation: Your large and strong wings let you fly.
                  | [Gargoyle growth]
 19687 | Lair:5   | Reached XP level 14. HP: 63/90 MP: 11/27
 20027 | Lair:5   | Identified the +5 robe of the End {Str+3}
 20048 | Lair:5   | Learned a level 5 spell: Irradiate
 20056 | Lair:5   | Learned a level 7 spell: Orb of Destruction
 20601 | Orc:1    | Entered Level 1 of the Orcish Mines
 20601 | Orc:1    | You are sucked into a shaft and drop 1 floor!
 20601 | Orc:2    | Entered Level 2 of the Orcish Mines
 20621 | Orc:2    | Reached **** piety under Vehumet
 20648 | Orc:2    | Offered knowledge of Dazzling Flash by Vehumet.
 20664 | Orc:2    | Reached skill level 1 in Evocations
 20698 | Orc:2    | Found a frozen archway.
 20853 | IceCv    | Entered an ice cave
 20875 | IceCv    | Learned a level 3 spell: Mephitic Cloud
 21505 | IceCv    | Noticed a reaper
 21578 | IceCv    | Reached ***** piety under Vehumet
 21578 | IceCv    | Offered knowledge of Starburst by Vehumet.
 21640 | IceCv    | HP: 2/90 [anaconda simulacrum (31)]
 21651 | IceCv    | Slain by an anaconda simulacrum

Illustrated notes

Levels and vault maps discovered:
D:1:      dpeg_arrival_pits, layout_loops_ring
D:2:      layout_loops_ring, nicolae_ecumenical_oubliette, basic_altar,
          grunt_ministairs_5, minivault_5, feat_on_display
D:3:      layout_rooms, uniq_ijyb
D:4:      layout_cave_pools, serial_shops, shop, shop, minmay_misc_feat_hallway,
          uniq_robin, uniq_edmund
D:5:      layout_gridville, uniq_menkaure, uniq_sigmund, uniq_crazy_yiuf_cottage
D:6:      layout_basic, minmay_overflow_temple_star_quad,
          nicolae_overflow_hidden_temple, kennysheep_okawaru_gauntlet,
          uniq_duvessa
D:7:      layout_cave_pools, mainiacjoe_overflow_tiny_flanked,
          minmay_temple_entry_poolview, serial_shops, nicolae_shop_behind_doors,
          serial_glass, glass_columns_b, glass_columns_b, glass_columns_c,
          glass_columns_b, glass_columns_b, glass_columns_b, glass_columns_a,
          glass_columns_b, glass_columns_a, glass_columns_c, glass_columns_a,
          glass_columns_b, glass_columns_a, glass_columns_a
D:8:      layout_gridville, mainiacjoe_overflow_small_starburst,
          lair_entry_dummy, minmay_misc_feat_four_crosses
D:9:      layout_loops_ring, slow_altar_2, mainiacjoe_overflow_cross_hatched,
          orc_0_dummy, nicolae_transporter_circle
D:10:     layout_loops_ring
D:11:     layout_roguey, gammafunk_ghost_abyssal_escape, uniq_erolcha
Temple:   nicolae_temple_figure_eight
Lair:1:   layout_cellular_growth, nicolae_volcano_entry_lava_flow,
          dreamdust_gnoll_shepherd, grunt_megastairs_5, serial_bayou_shore_a,
          lemuel_fruit_tree, infiniplex_staircase_pool_2
Lair:2:   layout_roguey, minmay_stone_trees_small, infiniplex_staircase_pool,
          uniq_gastronok
Lair:3:   layout_layer_cave, minmay_shoals_entry_centaurs, dummy_spider_entry,
          gammafunk_ghost_grave, serial_bayou_lake_a, uniq_amaemon
Lair:4:   beast_lair_carwin_large_2, layout_cave_pods,
          nicolae_lair_grove_arrangements, minmay_lair_oklob_bushes,
          lemuel_fruit_fields
Lair:5:   grunt_lair_end_beastmaster, layout_misc_corridors,
          minmay_slime_entry_pillars
Orc:1:    layout_caves, gammafunk_ghost_arena, serial_shops, shop_fountains
Orc:2:    st_orc_mages, layout_caves, portal_ice_cave_entry_imps, basic_altar
IceCv:    ice_cave_small_demon

Skill      XL: |  1  2  3  4  5  6  7  8  9 10 11 12 13 14 |
---------------+-------------------------------------------+-----
Earth Magic    | 4 5 6 7 9 10 11 12 | 12.1
Spellcasting   | 3 4 5 6 7 8 9 |  9.4
Maces & Flails | 1 2 4 5 6 8 9 |  9.0
Conjurations   | 1 2 3 5 6 8 9 10 12 | 12.5
Fighting       | 2 3 5 6 8 9 10 11 | 11.5
Summonings     | 3 5 6 |  6.6
Stealth        | 4 7 |  7.0
Dodging        | 3 4 |  4.2
Evocations     | 2 |  2.0
Transmutations | |  0.7
Fire Magic     | |  0.2

Action                   |  1- 3 |  4- 6 |  7- 9 | 10-12 | 13-15 || total
-------------------------+-------+-------+-------+-------+-------++-------
Melee: Unarmed           |     3 |       |       |       |       ||     3
       Mace              |       |    20 |     6 |       |       ||    26
       Flail             |       |       |    30 |    95 |   254 ||   379
       Punch             |       |       |       |       |     4 ||     4
 Fire: Shortbow          |       |       |    96 |       |       ||    96
       Sling             |       |       |       |     2 |       ||     2
 Cast: Sandblast         |    47 |    55 |    41 |   124 |    20 ||   287
       Stone Arrow       |       |     4 |    37 |   123 |   212 ||   376
       Animate Armour    |       |       |       |    16 |    12 ||    28
       Ignite Poison     |       |       |       |       |     7 ||     7
       Mephitic Cloud    |       |       |       |       |     5 ||     5
       Irradiate         |       |       |       |       |     5 ||     5
Evoke: Wand              |       |     2 |       |     6 |     4 ||    12
       Condenser vane    |       |       |       |       |     1 ||     1
  Use: Scroll            |    10 |     2 |     3 |    14 |    12 ||    41
       Potion            |       |       |       |     1 |     3 ||     4
 Stab: Sleeping          |       |       |     1 |     1 |     4 ||     6
       Distracted        |       |       |       |       |     1 ||     1
Armor: Robe              |     9 |    29 |    54 |    32 |    58 ||   182
       Steam dragon scal |       |       |       |    69 |   210 ||   279
Dodge: Dodged            |    13 |    37 |    73 |   146 |   236 ||   505
Block: Other             |       |       |       |    15 |    87 ||   102
       Reflection        |       |       |       |     1 |     3 ||     4

Table legend: (Time is in decaauts)
 A = Elapsed time spent in this place.
 B = Non-inter-level travel time spent in this place.
 C = Inter-level travel time spent in this place.
 D = Time resting spent in this place.
 E = Time spent auto-exploring this place.
 F = Levels seen in this place.
 G = Mean time per level.
                   A        B        C        D        E       F      G
               +--------+--------+--------+--------+--------+-----+--------+
         Total |  21940 |  20882 |   1058 |   2983 |  14536 |  21 | 1044.8 |
       Dungeon |  11088 |  10245 |    843 |    707 |   8023 |  11 | 1008.0 |
        Temple |    234 |    204 |     30 |      0 |    201 |   1 |  234.0 |
          Lair |   8194 |   8009 |    185 |    947 |   6048 |   5 | 1638.8 |
  Orcish Mines |    259 |    259 |      0 |    130 |      0 |   2 |  129.5 |
      Ice Cave |    798 |    798 |      0 |    414 |    200 |   1 |  798.0 |
       Volcano |   1364 |   1364 |      0 |    785 |     63 |   1 | 1364.0 |
               +--------+--------+--------+--------+--------+-----+--------+

Top non-repeatable levels by time:
  Lair:4: 2019 daAuts
  Lair:3: 1964 daAuts
  Lair:5: 1648 daAuts
  Lair:1: 1590 daAuts
     D:5: 1586 daAuts
     D:6: 1501 daAuts
 Volcano: 1364 daAuts
    D:11: 1073 daAuts
     D:2: 1061 daAuts
     D:7: 1052 daAuts
     D:9: 1003 daAuts
  Lair:2: 970 daAuts
     D:4: 950 daAuts
     D:1: 864 daAuts
   IceCv: 798 daAuts
